 Dungeon Crawl Stone Soup version 0.24.0-123-gd5b16e6ec5 (webtiles) character file.

Game seed: 11301523020671944423, levelgen mode: deterministic

160 FishyPogo the Insei (level 5, 0/41 HPs)
             Began as a Gnoll Transmuter on Jan 5, 2020.
             Was a Priest of Uskayaw.
             Slain by a gnoll (3 damage)
             ... on level 3 of the Dungeon.
             The game lasted 00:07:53 (1797 turns).

FishyPogo the Insei (Gnoll Transmuter)              Turns: 1797, Time: 00:07:54

Health: 0/41       AC:  3    Str: 13    XL:     5   Next: 41%
Magic:  1/12       EV: 15    Int: 15    God:    Uskayaw [***...]
Gold:   129        SH:  0    Dex: 16    Spells: 1/14 levels left

rFire    . . .     SeeInvis .     - Unarmed
rCold    . . .     Gourm    .   (no shield)
rNeg     . . .     Faith    .   b - +0 robe
rPois    .         Spirit   .   (no helmet)
rElec    .         Reflect  .   m - +0 cloak
rCorr    .         Harm     .   (no gloves)
MR       .....                  (no boots)
Stlth    +++.......             (no amulet)
HPRegen  0.13/turn              q - ring of stealth
MPRegen  0.13/turn              u - ring of wizardry

@: very slightly contaminated
A: distributed training, fangs 1, strong nose
a: Stomp, Line Pass, Renounce Religion


You were on level 3 of the Dungeon.
You worshipped Uskayaw.
Uskayaw was noncommittal.
You were hungry.

You visited 1 branch of the dungeon, and saw 3 of its levels.

You collected 129 gold pieces.

Inventory:

Hand Weapons
 a - a +0 whip of electrocution
Missiles
 c - 10 javelins
 e - 95 stones (quivered)
 k - 8 sling bullets
 l - 8 poisoned darts
 p - 12 arrows
Armour
 b - a +0 robe (worn)
 m - a +0 cloak (worn)
Jewellery
 q - a ring of stealth (left hand)
 u - a ring of wizardry (right hand)
Scrolls
 f - 3 scrolls of teleportation {unknown}
 h - 5 scrolls of identify {unknown}
 j - 2 scrolls of remove curse {unknown}
 o - a scroll of noise {unknown}
 s - a scroll of fog {unknown}
 t - a scroll of blinking {unknown}
Potions
 g - a potion of berserk rage {unknown}
 n - a potion of curing {unknown}
 r - a potion of heal wounds {unknown}
Comestibles
 d - 9 rations
 i - 10 chunks of flesh


   Skills:
 + Level 3.0 Fighting
 + Level 1.4 Short Blades
 + Level 1.4 Long Blades
 + Level 1.4 Axes
 + Level 1.4 Maces & Flails
 + Level 1.4 Polearms
 + Level 1.4 Staves
 + Level 1.4 Slings
 + Level 1.4 Bows
 + Level 1.4 Crossbows
 + Level 1.4 Throwing
 + Level 1.4 Armour
 + Level 4.8 Dodging
 + Level 1.4 Stealth
 + Level 1.4 Shields
 + Level 6.7 Unarmed Combat
 + Level 5.2 Spellcasting
 + Level 1.1 Conjurations
 + Level 1.1 Hexes
 + Level 1.1 Charms
 + Level 1.1 Summonings
 + Level 1.1 Necromancy
 + Level 1.1 Translocations
 + Level 3.9 Transmutations
 + Level 1.1 Fire Magic
 + Level 1.1 Ice Magic
 + Level 1.1 Air Magic
 + Level 1.1 Earth Magic
 + Level 1.1 Poison Magic
 + Level 1.6 Invocations
 + Level 1.4 Evocations


You had one spell level left.
You knew the following spells:

 Your Spells              Type           Power        Failure   Level  Hunger
k - Blade Hands           Tmut           ###.......   32%         5    ######.
p - Ice Form              Ice/Tmut       ##......     22%         4    ####...
u - Spider Form           Tmut/Pois      ##........   7%          3    ###....
y - Beastly Appendage     Tmut           ###...       1%          1    None

Your spell library contained the following spells:

 Spells                   Type           Power        Failure   Level  Hunger
 Sticks to Snakes         Tmut           ###.....     1%          2    ##.....


Dungeon Overview and Level Annotations

Branches:
Dungeon (3/15)

Altars:
Dithmenos
Sif Muna
Trog
Uskayaw


Innate Abilities, Weirdness & Mutations

Your experience applies equally to all skills.
You have very sharp teeth.
Your uncanny sense of smell can sniff out nearby items.


Message History

Uskayaw prepares the audience for your solo!
Unknown command.
The gnoll is no longer paralysed. x3
You slash the gnoll!
The gnoll is severely wounded.
Your hands revert to their normal proportions.
The goblin is no longer paralysed.
The gnoll is no longer paralysed.
The gnoll closely misses you. The gnoll misses you.
You hit the gnoll but do no damage.
The gnoll is almost dead.
The gnoll barely misses you. The gnoll misses you.
You hit the gnoll.
The gnoll is almost dead.
The gnoll hits you with a +0 flail!
* * * LOW HITPOINT WARNING * * *
The gnoll hits you.
* * * LOW HITPOINT WARNING * * *
The gnoll misses you. The gnoll barely misses you. The gnoll hits you.
You die...

#.......# # # #.......#
#. ####### #.......#
#.#####....## ......#
#........_.##
....#####........÷.##
######g)...............##
........g.........#....##
......ggg..............'.
########@..####........##
#...# #........## #...#
#####.###### #...#
#........... #...#
#.###).##### ####...#
#.#....# # #.....)#
#......#####
#.##########.........
#.## ##≈≈≈≈####......


You could see 4 gnolls and a goblin.

Vanquished Creatures
  A crimson imp (D:3)
  5 gnolls
  2 adders
  3 dart slugs
  2 orcs (D:3)
  3 giant cockroaches
  6 goblins
  9 hobgoblins
  A quokka (D:2)
  7 bats
  5 frilled lizards
  6 kobolds
  5 rats
55 creatures vanquished.

Notes
Turn   | Place    | Note
-------+----------+-------------------------------------------
     0 | D:1      | FishyPogo the Gnoll Transmuter began the quest for the Orb.
     0 | D:1      | Reached XP level 1. HP: 17/17 MP: 6/6
   126 | D:1      | Reached XP level 2. HP: 20/23 MP: 5/7
   727 | D:2      | Found a faded altar of an unknown god.
   737 | D:2      | Became a worshipper of Uskayaw the Reveler
   737 | D:2      | Reached * piety under Uskayaw
   762 | D:2      | Reached ** piety under Uskayaw
   767 | D:2      | Reached XP level 3. HP: 21/28 MP: 9/9
   772 | D:2      | Learned a level 3 spell: Spider Form
   838 | D:2      | Found a bloodstained altar of Trog.
   901 | D:2      | Reached skill level 5 in Spellcasting
  1009 | D:2      | Found a shimmering blue altar of Sif Muna.
  1041 | D:2      | Reached skill level 1 in Invocations
  1049 | D:2      | Reached *** piety under Uskayaw
  1051 | D:2      | Reached skill level 1 in Short Blades
  1051 | D:2      | Reached skill level 1 in Long Blades
  1051 | D:2      | Reached skill level 1 in Axes
  1051 | D:2      | Reached skill level 1 in Maces & Flails
  1051 | D:2      | Reached skill level 1 in Polearms
  1051 | D:2      | Reached skill level 1 in Staves
  1051 | D:2      | Reached skill level 1 in Slings
  1051 | D:2      | Reached skill level 1 in Bows
  1051 | D:2      | Reached skill level 1 in Crossbows
  1051 | D:2      | Reached skill level 1 in Throwing
  1051 | D:2      | Reached skill level 1 in Armour
  1051 | D:2      | Reached skill level 1 in Stealth
  1051 | D:2      | Reached skill level 1 in Shields
  1051 | D:2      | Reached skill level 1 in Evocations
  1067 | D:2      | Reached XP level 4. HP: 21/34 MP: 8/11
  1472 | D:3      | Found a hide-covered altar of Uskayaw.
  1645 | D:3      | Found a shadowy altar of Dithmenos.
  1691 | D:3      | Reached skill level 1 in Conjurations
  1691 | D:3      | Reached skill level 1 in Hexes
  1691 | D:3      | Reached skill level 1 in Charms
  1691 | D:3      | Reached skill level 1 in Summonings
  1691 | D:3      | Reached skill level 1 in Necromancy
  1691 | D:3      | Reached skill level 1 in Translocations
  1691 | D:3      | Reached skill level 1 in Fire Magic
  1691 | D:3      | Reached skill level 1 in Ice Magic
  1691 | D:3      | Reached skill level 1 in Air Magic
  1691 | D:3      | Reached skill level 1 in Earth Magic
  1691 | D:3      | Reached skill level 1 in Poison Magic
  1699 | D:3      | Reached **** piety under Uskayaw
  1700 | D:3      | Reached XP level 5. HP: 24/40 MP: 9/12
  1768 | D:3      | Learned a level 4 spell: Ice Form
  1774 | D:3      | Learned a level 5 spell: Blade Hands
  1797 | D:3      | Slain by a gnoll

Levels and vault maps discovered:
D:1:      minmay_arrival_open_corners, layout_basic
D:2:      layout_basic, marbit_many_paths, bloody_trog,
          chequers_ecumenical_altar_simple, hangedman_decor_diamond_cutter
D:3:      cheibrodos_helix_gallery, layout_basic, overflow_temple_1_default,
          eat_drink_and_be_merry_uskayaw

Skill      XL: |  1  2  3  4  5 |
---------------+----------------+-----
Spellcasting   | 5 |  5.2
Invocations    | 1 |  1.6
Short Blades   | 1 |  1.4
Long Blades    | 1 |  1.4
Axes           | 1 |  1.4
Maces & Flails | 1 |  1.4
Polearms       | 1 |  1.4
Staves         | 1 |  1.4
Slings         | 1 |  1.4
Bows           | 1 |  1.4
Crossbows      | 1 |  1.4
Throwing       | 1 |  1.4
Armour         | 1 |  1.4
Stealth        | 1 |  1.4
Shields        | 1 |  1.4
Evocations     | 1 |  1.4
Conjurations   | 1 |  1.1
Hexes          | 1 |  1.1
Charms         | 1 |  1.1
Summonings     | 1 |  1.1
Necromancy     | 1 |  1.1
Translocations | 1 |  1.1
Fire Magic     | 1 |  1.1
Ice Magic      | 1 |  1.1
Air Magic      | 1 |  1.1
Earth Magic    | 1 |  1.1
Poison Magic   | 1 |  1.1
Fighting       | 3 |  3.0
Dodging        | |  4.8
Unarmed Combat | |  6.7
Transmutations | |  3.9

Action                   |  1- 3 |  4- 6 || total
-------------------------+-------+-------++-------
Melee: Unarmed           |    72 |    51 ||   123
       Bite              |     7 |     2 ||     9
       Headbutt          |     6 |       ||     6
       Kick              |     2 |     4 ||     6
       Punch             |     3 |     2 ||     5
Throw: Stone             |       |     1 ||     1
 Cast: Beastly Appendage |    15 |     6 ||    21
       Spider Form       |     1 |     1 ||     2
       Blade Hands       |       |     1 ||     1
Invok: Stomp             |       |     1 ||     1
 Stab: Sleeping          |     1 |     4 ||     5
       Paralysed         |       |     1 ||     1
  Eat: Chunk             |       |     3 ||     3
Armor: Robe              |     9 |     6 ||    15
       Skin              |       |     1 ||     1
Dodge: Dodged            |    42 |    52 ||    94
